 Dungeon Crawl Stone Soup version 0.21-a0-465-g8120a92d9c (webtiles) character file.

35469 Orthrus the Fighter (level 14, -4/85 HPs)
             Began as a Kobold Fighter on Nov 21, 2017.
             Was the Champion of Wu Jian.
             Shot with a bolt by a yaktaur (24 damage)
             ... in a volcano.
             The game lasted 01:15:31 (18057 turns).

Orthrus the Fighter (Kobold Fighter)               Turns: 18057, Time: 01:15:32

Health: -4/85      AC:  9    Str: 17    XL:     14   Next: 18%
Magic:  0/20       EV: 20    Int: 14    God:    Wu Jian [******]
Gold:   567        SH:  0    Dex: 17    Spells: 10/13 levels left

rFire    + . .     SeeInvis .     - Unarmed
rCold    . . .     Gourm    .   (shield restricted)
rNeg     . . .     Faith    .   M - +0 ring mail "Iruenwupn" {+Blink rF+ Int+2}
rPois    +         Spirit   +   n - +2 helmet
rElec    +         Reflect  .   t - scarf of the Fife {rElec Slay+2}
rCorr    .         Harm     .   r - +0 pair of gloves
MR       +....                  (no boots)
Stlth    +++++.....             B - amulet of guardian spirit
HPRegen  0.24/turn              z - +4 ring of slaying
MPRegen  0.17/turn              m - ring of poison resistance

@: no status effects
A: talons 1, blurry vision 1, carnivore 3, clever 1, frail 1, strong 1
a: Serpent's Lash, Heavenly Storm, Renounce Religion, Evoke Blink


You were in a volcano.
You worshipped Wu Jian.
Wu Jian was exalted by your worship.
You were not hungry.

You visited 3 branches of the dungeon, and saw 17 of its levels.
You also visited: Volcano.

You collected 846 gold pieces.
You spent 279 gold pieces at shops.

Inventory:

Hand Weapons
 K - a +1 hand axe of distortion
Missiles
 C - 3 throwing nets (quivered)
Armour
 n - a +2 helmet (worn)
 r - a +0 pair of gloves (worn)
 t - the scarf of the Fife (worn) {rElec Slay+2}
   (You found it on level 1 of the Lair of Beasts)

   It affects your accuracy and damage with ranged weapons and melee attacks
   (+2).
   It insulates you from electricity.
 M - the +0 ring mail "Iruenwupn" (worn) {+Blink rF+ Int+2}
   (You found it on level 9 of the Dungeon)

   It affects your intelligence (+2).
   It protects you from fire.
   It lets you blink.
Jewellery
 g - a +2 ring of protection
 m - a ring of poison resistance (right hand)
 y - an uncursed ring of protection from magic
 z - a +4 ring of slaying (left hand)
 B - an amulet of guardian spirit (around neck)
 Q - an uncursed ring of resist corrosion
Wands
 D - a wand of enslavement (18)
 E - a wand of iceblast (4)
 J - a wand of random effects (41)
 S - a wand of polymorph (14)
 T - a wand of digging (4)
 U - a wand of flame (32)
Scrolls
 e - 4 scrolls of enchant armour
 k - a scroll of enchant weapon
 p - 2 scrolls of amnesia
 s - 4 scrolls of remove curse
 u - 2 scrolls of summoning
 x - 3 scrolls of teleportation
 H - a scroll of silence
 O - a scroll of fear {unknown}
 P - a scroll of vulnerability {unknown}
Potions
 b - 6 potions of degeneration
 c - 2 potions of flight
 d - a potion of might
 h - 2 potions of lignification
 i - 5 potions of haste
 j - a potion of ambrosia {unknown}
 l - 2 potions of invisibility {unknown}
 o - 2 potions of brilliance {unknown}
 q - 2 potions of agility
 A - a potion of curing
 F - a potion of berserk rage
 N - 2 potions of mutation
Comestibles
 f - 6 meat rations
 I - 5 royal jellies


   Skills:
 * Level 13.7 Fighting
   Level 1.7(3.6) Maces & Flails
   Level 5.0(5.2) Staves
 - Level 2.4 Armour
 - Level 10.0 Dodging
 - Level 12.2 Stealth
   Level 2.4 Shields
 + Level 11.8 Unarmed Combat
 - Level 5.0 Hexes
 - Level 8.1 Evocations


You had 10 spell levels left.
You knew the following spells:

 Your Spells              Type           Power        Failure   Level  Hunger
a - Confusing Touch       Hex            ##....       6%          1    ##.....
b - Apportation           Tloc           #.....       45%         1    ##.....
c - Animate Skeleton      Necr           N/A          45%         1    ##.....


Dungeon Overview and Level Annotations

Branches:
Dungeon (12/15)            Temple (1/1) D:5            Lair (4/6) D:11
  Swamp (0/4) Lair:2       Spider (0/4) Lair:2          Orc (0/2) D:12

Altars:
Ashenzari
Cheibriados
Dithmenos
Elyvilon
Fedhas
Gozag
Hepliaklqana
Kikubaaqudgha
Makhleb
Nemelex Xobeh
Okawaru
Qazlal
Ru
Sif Muna
Trog
Uskayaw
Vehumet
Wu Jian
Xom
Yredelemnul
Zin
The Shining One

Shops:
D:8 =   D:12 *


Innate Abilities, Weirdness & Mutations

You are small and have problems with some larger weapons.
You are carnivorous and can eat meat at any time.
You have sharp toenails.
Scrolls take you a little longer to read.
Your mind is acute. (Int +2)
You are frail. (-10% HP)
Your muscles are strong. (Str +2)


Message History

The Council accepts your kill.
The yaktaur shoots a bolt.
The bolt hits you!
* * * LOW HITPOINT WARNING * * *
The bolt burns you.
* * * LOW HITPOINT WARNING * * *
You barely miss the centaur. You claw the centaur.
The centaur is moderately wounded.
The centaur unwields an uncursed shortbow of flaming.
It stops flaming.
The centaur hits you.
* * * LOW HITPOINT WARNING * * *
You feel better. The centaur hits you.
* * * LOW HITPOINT WARNING * * *
You punch the centaur! You claw the centaur.
The centaur is almost dead.
The centaur misses you.
You pummel the centaur!!
You kill the centaur!
The Council accepts your kill.
The yaktaur shoots a bolt.
The bolt hits you!!
You die...

§#. #cp...#.. ≈#..
#######.
≈#...'!)...' ..#
≈#...#..≈..#...#
#...#8≈≈≈8#...#
#..'..≈..'..# ≈
#..')c)..'..# ≈≈ ≈
≈# #8§.§8# #§≈≈
≈≈§≈###@(...###≈≈≈≈
#≈§§≈≈..(..≈§≈§≈≈#
##§≈≈≈8..(8≈§≈§§≈#
###≈≈....§§§§≈≈#
#§§.....≈§§###
##≈8...8≈≈§#
##.....#### #.....#
#8...8#


You could see a yaktaur.

Vanquished Creatures
  2 hydras (Lair:2)
  A centaur warrior (Volcano)
  8 two-headed ogres
  An ogre mage (D:12)
  Nergalle (Lair:3)
  2 unseen horrors
  A swamp dragon (Lair:2)
  A wizard (D:12)
  A deep elf mage (D:12)
  An ugly thing (D:11)
  A manticore (D:12)
  A cyclops (D:12)
  4 black mambas
  A molten gargoyle (Lair:3)
  2 spiny frogs
  6 rime drakes
  2 komodo dragons
  2 jumping spiders (Lair:2)
  A troll (D:11)
  3 slime creatures (D:12)
  5 hippogriffs
  A water elemental (D:11)
  A shadow (D:12)
  A spriggan (D:8)
  3 redbacks (Lair:2)
  31 yaks
  A basilisk (Lair:2)
  A wraith (D:10)
  4 fire bats (Lair:3)
  3 hungry ghosts (D:11)
  2 vampire mosquitoes (D:12)
  An acid dragon (D:11)
  7 water moccasins
  7 porcupines
  2 hell hounds (Lair:4)
  3 ice beasts (D:6)
  5 orc warriors
  5 sky beasts
  A swamp drake (D:12)
  The ghost of NihilVerum the Firebug, an amateur OgFE (D:3)
  5 ogres
  2 phantoms
  9 wolves
  A necrophage (D:9)
  16 centaurs
  6 crocodiles
  6 big kobolds
  13 bullfrogs
  4 scorpions
  18 killer bees
  4 wights (D:10)
  An electric eel (D:11)
  3 howler monkeys
  4 crimson imps
  A centaur zombie (D:8)
  A bullfrog zombie (D:10)
  11 hounds
  A jelly (D:8)
  Crazy Yiuf (D:2)
  10 orc wizards
  3 centaur skeletons
  8 orc priests
  3 bullfrog skeletons
  8 iguanas
  Terence (D:2)
  2 hound zombies
  A hound skeleton (D:4)
  A worker ant zombie (D:11)
  6 gnolls
  8 adders
  3 shadow imps
  An adder zombie (D:1)
  An ooze (D:1)
  4 worms
  An adder skeleton (D:5)
  2 dart slugs
  6 leopard geckos
  41 orcs
  A ball python (D:3)
  A bat zombie (D:1)
  14 giant cockroaches
  9 goblins
  11 hobgoblins
  7 jackals
  36 kobolds
  4 quokkas
  11 bats
  3 frilled lizards
  A quokka skeleton (D:6)
  2 quokka zombies
  9 rats
453 creatures vanquished.

Vanquished Creatures (collateral kills)
  A two-headed ogre (D:12)
  An ogre (D:12)
2 creatures vanquished.

Vanquished Creatures (others)
  A two-headed ogre (D:12)
  A yak (Lair:2)
  A basilisk (Lair:2)
  A human (D:3)
  2 centaurs (Volcano)
  2 crocodiles (Lair:2)
  A killer bee (Lair:4)
  3 plants
12 creatures vanquished.

Grand Total: 467 creatures vanquished

Notes
Turn   | Place    | Note
-------+----------+-------------------------------------------
     0 | D:1      | Orthrus the Kobold Fighter began the quest for the Orb.
     0 | D:1      | Reached XP level 1. HP: 14/14 MP: 1/1
    55 | D:1      | Reached XP level 2. HP: 15/19 MP: 2/2
   215 | D:1      | Reached XP level 3. HP: 22/23 MP: 3/3
   871 | D:2      | Found a stormy altar of Qazlal.
   871 | D:2      | Found an ancient bone altar of Kikubaaqudgha.
   871 | D:2      | Found a white marble altar of Elyvilon.
   890 | D:2      | Reached XP level 4. HP: 28/28 MP: 4/4
   903 | D:2      | Noticed Terence
   915 | D:2      | Reached skill level 5 in Stealth
  1158 | D:2      | Found a sacrificial altar of Ru.
  1252 | D:2      | Killed Terence
  1252 | D:2      | Reached XP level 5. HP: 32/32 MP: 5/5
  1292 | D:2      | Found a shadowy altar of Dithmenos.
  1461 | D:2      | Found a runed door.
  1640 | D:2      | Noticed Crazy Yiuf
  1644 | D:2      | Killed Crazy Yiuf
  1712 | D:3      | Noticed NihilVerum's ghost (amateur OgFE)
  1791 | D:3      | Killed NihilVerum's ghost
  1791 | D:3      | Reached skill level 1 in Staves
  1791 | D:3      | Reached XP level 6. HP: 34/37 MP: 6/6
  1931 | D:3      | Found an ancient bone altar of Kikubaaqudgha.
  2381 | D:3      | Reached XP level 7. HP: 41/41 MP: 7/7
  2543 | D:3      | Noticed a human
  2545 | D:3      | Killed a human
  2800 | D:4      | Found a bloodstained altar of Trog.
  2889 | D:5      | Entered Level 5 of the Dungeon
  3123 | D:4      | Found a bloodstained altar of Trog.
  3296 | D:4      | Found a bloodstained altar of Trog.
  3870 | D:5      | Found a staircase to the Ecumenical Temple.
  3983 | D:5      | Reached skill level 10 in Stealth
  3990 | Temple   | Entered the Ecumenical Temple
  4232 | D:5      | Reached XP level 8. HP: 46/46 MP: 8/8
  4609 | D:5      | Found an ornate altar of the Wu Jian Council.
  4613 | D:5      | Became a worshipper of the Wu Jian Council
  4622 | D:5      | Found a bloodstained altar of Trog.
  4700 | D:5      | Found an iron altar of Okawaru.
  5166 | D:6      | Gained mutation: Your muscles are strong. (Str +2) [mutagenic meat]
  5167 | D:6      | Gained mutation: You are frail. (-10% HP) [mutagenic meat]
  5168 | D:6      | Gained mutation: You have sharp toenails. [mutagenic meat]
  5169 | D:6      | Gained mutation: Your mind is acute. (Int +2) [mutagenic meat]
  5346 | D:6      | Reached XP level 9. HP: 42/46 MP: 9/9
  5358 | D:6      | Reached skill level 4 in Fighting
  5403 | D:6      | Reached * piety under Wu Jian
  5476 | D:6      | Reached skill level 5 in Fighting
  5476 | D:6      | Reached skill level 5 in Staves
  5538 | D:6      | Learned a level 1 spell: Confusing Touch
  5540 | D:6      | Learned a level 1 spell: Apportation
  5633 | D:6      | Reached skill level 1 in Unarmed Combat
  5844 | D:7      | Reached skill level 6 in Fighting
  6060 | D:7      | Reached skill level 7 in Fighting
  6073 | D:7      | Found a hide-covered altar of Uskayaw.
  6596 | D:7      | Learned a level 1 spell: Animate Skeleton
  6818 | D:7      | Reached ** piety under Wu Jian
  7004 | D:7      | Reached skill level 8 in Fighting
  7004 | D:7      | Reached XP level 10. HP: 57/57 MP: 10/10
  7172 | D:8      | Noticed a two-headed ogre
  7221 | D:8      | Found Caileuxi's Jewellery Shoppe.
  7236 | D:8      | Noticed a two-headed ogre
  7246 | D:8      | Killed a two-headed ogre
  7246 | D:8      | Reached skill level 9 in Fighting
  7596 | D:8      | Reached skill level 5 in Unarmed Combat
  7669 | D:8      | Found an opulent altar of Gozag.
  7706 | D:8      | Reached skill level 10 in Fighting
  7713 | D:8      | Reached *** piety under Wu Jian
  7716 | D:8      | Reached skill level 1 in Hexes
  7809 | D:8      | Found a shimmering altar of Xom.
  8080 | D:8      | Killed a two-headed ogre
  8253 | D:9      | Reached XP level 11. HP: 54/64 MP: 8/11
  8609 | D:9      | Got an ancient ring mail
  8620 | D:9      | Identified the cursed +0 ring mail "Iruenwupn" {+Blink rF+ Int+2} (You found it on level 9 of the Dungeon)
  8632 | D:9      | Reached skill level 5 in Hexes
  8736 | D:9      | Found a burning altar of Makhleb.
  8740 | D:9      | Reached skill level 1 in Dodging
  9035 | D:10     | Entered Level 10 of the Dungeon
  9035 | D:10     | Noticed a two-headed ogre
  9047 | D:10     | Killed a two-headed ogre
  9491 | D:10     | Reached skill level 5 in Dodging
  9496 | D:10     | Reached **** piety under Wu Jian
  9620 | D:10     | Killed an unseen horror
  9855 | D:10     | Killed a two-headed ogre
 10830 | D:11     | Found a staircase to the Lair.
 11506 | D:11     | Reached XP level 12. HP: 67/69 MP: 12/12
 11902 | D:11     | Reached skill level 10 in Dodging
 12089 | D:11     | Noticed a two-headed ogre
 12099 | D:11     | Killed a two-headed ogre
 12122 | D:11     | Killed an unseen horror
 12133 | D:11     | Reached ***** piety under Wu Jian
 12669 | D:11     | Gained mutation: Scrolls take you a little longer to read. [mutagenic meat]
 12695 | D:11     | Found a staircase to the Lair.
 13168 | D:12     | Found Gulir's Assorted Antiques.
 13177 | D:12     | Bought a potion of berserk rage for 155 gold pieces
 13177 | D:12     | Bought a shiny fluorescent wand for 124 gold pieces
 13213 | D:12     | Reached skill level 5 in Evocations
 13214 | D:12     | Noticed a two-headed ogre
 13513 | D:11     | Killed a two-headed ogre
 13988 | D:12     | Identified Ts'ui Pên's Compendium of Forking Paths
 13995 | D:12     | Identified Roxanne's Tome of Plaster Cramp
 14028 | D:12     | Identified Sif Muna's Incunabulum of Sand
 14095 | D:12     | Noticed an ogre mage
 14095 | D:12     | Noticed a two-headed ogre
 14095 | D:12     | Noticed a two-headed ogre
 14095 | D:12     | Noticed a two-headed ogre
 14105 | D:12     | Killed a two-headed ogre
 14111 | D:12     | Noticed a two-headed ogre
 14112 | D:12     | Killed a two-headed ogre
 14112 | D:12     | Reached skill level 10 in Unarmed Combat
 14112 | D:12     | Reached XP level 13. HP: 71/73 MP: 17/19
 14447 | D:12     | Found a staircase to the Orcish Mines.
 14702 | Lair:1   | Entered Level 1 of the Lair of Beasts
 14762 | Lair:1   | Reached skill level 11 in Fighting
 15706 | Lair:1   | Got a fine scarf
 15717 | Lair:1   | Identified the cursed scarf of the Fife {rElec Slay+2} (You found it on level 1 of the Lair of Beasts)
 15770 | Lair:2   | Found a staircase to the Swamp.
 15853 | Lair:2   | Reached skill level 12 in Fighting
 16231 | Lair:2   | Found a hole to the Spider Nest.
 16372 | Lair:2   | Noticed a four-headed hydra
 16385 | Lair:2   | Killed a four-headed hydra
 16389 | Lair:2   | Noticed a six-headed hydra
 16400 | Lair:2   | Killed a six-headed hydra
 16574 | Lair:2   | Reached ****** piety under Wu Jian
 17103 | Lair:3   | Noticed Nergalle
 17116 | Lair:3   | Killed Nergalle
 17116 | Lair:3   | Reached skill level 13 in Fighting
 17120 | Lair:3   | Got a warped ring mail
 17133 | Lair:3   | Identified the +3 ring mail of the Evening Star {rCorr} (You found it on level 3 of the Lair of Beasts)
 17439 | Lair:3   | Reached XP level 14. HP: 73/84 MP: 16/20
 17788 | Lair:4   | Found a dark tunnel.
 17805 | Volcano  | Entered a volcano
 18057 | Volcano  | Shot with a bolt by a yaktaur

Vault maps used:
D:1:      saegor_arrival_fortress
D:2:      nicolae_dithmenos_shadow_blocks, gammafunk_temple_overflow_claw,
          minmay_liquid_box, nicolae_ru_awakened_eye, uniq_crazy_yiuf_cottage,
          uniq_terence
D:3:      tgw_kikubaaqudgha
D:4:      first_bread, minmay_misc_feat_tower, trog_book
D:5:      amethyst_overflow_temple_binary, nicolae_overflow_crystal_walls,
          temple_pool_b, kennysheep_small_square
D:6:      st_stairs_8
D:7:      corexii_shack_village, eat_drink_and_be_merry_uskayaw
D:8:      tgw_xom, basic_altar, serial_shops, shop_statue, the_bakery
D:9:      david_defended_altar_orc
D:11:     erik_lair_island, nzn_random_ring
D:12:     erik_orc_1, serial_shops, shop, bh_hangedman_babel_library
Temple:   dshaligram_water_room_temple
Lair:2:   minmay_swamp_entry_reptiles, spider_nest_entry_funnel_web,
          lemuel_fruit_tree
Lair:3:   uniq_nergalle
Lair:4:   regret_index_bee_streams, enter_volcano_3, minmay_lair_drake_nest
Volcano:  kennysheep_volcano_temple

Skill      XL: |  1  2  3  4  5  6  7  8  9 10 11 12 13 |
---------------+----------------------------------------+-----
Stealth        | 2 3 4 6 8 10 12 | 12.2
Staves         | 1 3 4 5 |  5.0
Fighting       | 8 10 13 | 13.7
Unarmed Combat | 3 6 8 10 11 | 11.8
Hexes          | 4 5 |  5.0
Dodging        | 8 10 | 10.0
Evocations     | 8 |  8.1
Maces & Flails | |  1.7
Armour         | |  2.4
Shields        | |  2.4

Action                   |  1- 3 |  4- 6 |  7- 9 | 10-12 | 13-15 || total
-------------------------+-------+-------+-------+-------+-------++-------
Melee: Flail             |   100 |       |       |       |       ||   100
       Dagger            |     1 |    97 |       |       |       ||    98
       Quarterstaff      |       |    87 |   286 |   533 |    19 ||   925
       Falchion          |       |     3 |       |       |       ||     3
       Kick              |       |       |    31 |   175 |   131 ||   337
       Unarmed           |       |       |       |       |   378 ||   378
       Punch             |       |       |       |       |    19 ||    19
Invok: Serpent's Lash    |       |       |       |     2 |       ||     2
Evoke: Wand              |       |       |       |    10 |     2 ||    12
  Use: Scroll            |     1 |     5 |     2 |     8 |     7 ||    23
       Potion            |       |       |     2 |     3 |     7 ||    12
 Stab: Sleeping          |     1 |     8 |    31 |    24 |    13 ||    77
       Distracted        |       |     2 |     1 |     5 |     2 ||    10
       Paralysed         |       |     1 |       |     7 |       ||     8
       Petrifying        |       |       |     3 |     3 |       ||     6
       Confused          |       |       |       |     5 |       ||     5
       Petrified         |       |       |       |     3 |       ||     3
  Eat: Chunk             |     3 |    11 |    17 |    29 |    11 ||    71
Armor: Scale mail        |    89 |   114 |   142 |    25 |       ||   370
       Ring mail         |       |       |       |   113 |    69 ||   182
Dodge: Dodged            |    76 |    86 |   134 |   391 |   317 ||  1004

Table legend:
 A = Spawn XP
 B = Non-spawn XP
 C = Spawn XP percentage of total XP
 D = Spawn monster count
 E = Non-spawn monster count
 F = Spawn count percentage of total count
 G = Total turns spent on level
                    A         B        C        D         E        F      G
               +---------+---------+-------+---------+---------+-------+---------
         Total |       0 |   50670 |   0.0 |       0 |     458 |   0.0 | 18057
               +---------+---------+-------+---------+---------+-------+---------
           D:1 |       0 |      49 |   0.0 |       0 |      24 |   0.0 |   851
           D:2 |       0 |     180 |   0.0 |       0 |      36 |   0.0 |   910
           D:3 |       0 |     293 |   0.0 |       0 |      28 |   0.0 |   815
           D:4 |       0 |      29 |   0.0 |       0 |       4 |   0.0 |   890
           D:5 |       0 |     635 |   0.0 |       0 |      16 |   0.0 |  1289
           D:6 |       0 |    1445 |   0.0 |       0 |      31 |   0.0 |   968
           D:7 |       0 |    1355 |   0.0 |       0 |      48 |   0.0 |  1357
           D:8 |       0 |    3614 |   0.0 |       0 |      37 |   0.0 |   885
           D:9 |       0 |    1588 |   0.0 |       0 |      27 |   0.0 |  1319
          D:10 |       0 |    4907 |   0.0 |       0 |      27 |   0.0 |  1729
          D:11 |       0 |    8067 |   0.0 |       0 |      54 |   0.0 |  2041
          D:12 |       0 |    8080 |   0.0 |       0 |      41 |   0.0 |  1515
        Lair:1 |       0 |    4181 |   0.0 |       0 |      20 |   0.0 |  1068
        Lair:2 |       0 |    8102 |   0.0 |       0 |      33 |   0.0 |  1036
        Lair:3 |       0 |    3156 |   0.0 |       0 |      12 |   0.0 |   901
        Lair:4 |       0 |    4210 |   0.0 |       0 |      16 |   0.0 |    98
       Volcano |       0 |     779 |   0.0 |       0 |       4 |   0.0 |   252
               +---------+---------+-------+---------+---------+-------+---------
